Map: Acropolis LE

Players

HeRoMaRinE

  • Race: Terran Terran
  • Spawn Location: 5:00

ShoWTimE - Winner!

  • Race: Protoss Protoss
  • Spawn Location: 11:00

VOD

Have the link to the VOD?

Description

Time

  • Played on: Sept. 7, 2019, 5:49 p.m.
  • Length: 18:57
Show
View Real Time Build Order
Export as new Build Order

HeRoMaRinE Terran 

Build Orders: Reaper Expand 

Get SALT Encoding   

  12  0:00  SCV  
  13  0:13  SCV  
  14  0:17  Supply Depot  
  14  0:25  SCV  
  15  0:38  SCV  
  15  0:40  Barracks  
  16  0:43  Refinery  
  16  0:50  SCV  
  17  1:02  SCV  
  18  1:14  SCV  
  19  1:27  Orbital Command, Reaper  
  20  1:41  Command Center  
  20  1:50  Bunker  
  20  1:53  SCV  
  21  1:59  Supply Depot  
  21  2:02  Marine  
  21  2:05  SCV  
  23  2:15  Factory  
  23  2:21  SCV  
  24  2:25  Barracks Reactor, Refinery  
  24  2:33  SCV  
  25  2:45  SCV  
  26  2:54  Orbital Command  
  26  2:57  SCV  
  27  3:00  Widow Mine, Starport  
  27  3:01  Marine  
  27  3:02  Marine  
  31  3:09  SCV  
  32  3:19  Marine  
  33  3:20  SCV, Marine  
  33  3:21  Widow Mine, SCV  
  38  3:27  Supply Depot  
  38  3:32  SCV  
  38  3:33  SCV  
  40  3:38  Medivac  
  44  3:44  SCV, Factory Tech Lab  
  44  3:46  SCV  
  44  3:52  Command Center  
  44  3:56  SCV  
  44  3:58  SCV  
  44  4:02  Supply Depot, Refinery  
  46  4:04  Siege Tank  
  46  4:08  SCV  
  50  4:10  SCV  
  50  4:12  Starport Tech Lab  
  50  4:13  Marine  
  50  4:14  Marine  
  53  4:20  SCV  
  53  4:23  SCV  
  53  4:24  Supply Depot  
  55  4:30  Marine  
  55  4:31  Raven, Marine  
  56  4:33  SCV  
  56  4:35  SCV  
  61  4:45  SCV  
  62  4:47  SCV  
  62  4:52  Barracks  
  63  4:54  Barracks, Engineering Bay  
  63  4:55  Engineering Bay  
  63  4:57  SCV  
  65  5:00  SCV  
  65  5:01  Stimpack  
  65  5:02  Marauder  
  65  5:05  Supply Depot  
  65  5:06  Orbital Command  
  67  5:09  SCV  
  67  5:12  SCV  
  69  5:18  Refinery  
  69  5:21  SCV  
  70  5:23  Marauder  
  70  5:24  Terran Infantry Armor Level 1, SCV, Terran Infantry Weapons Level 1  
  73  5:30  Factory Reactor, Starport Reactor  
  73  5:33  SCV  
  74  5:36  SCV  
  74  5:41  Barracks x2  
  74  5:44  Marine x2  
  74  5:45  Marauder  
  74  5:48  SCV x2  
  80  5:54  Combat Shield  
  80  5:55  Marauder  
  82  5:58  Orbital Command  
  82  6:01  SCV x2  
  82  6:02  Supply Depot  
  82  6:03  Supply Depot  
  84  6:06  Marauder  
  84  6:07  Medivac x2  
  86  6:13  Marine x2, SCV x2  
  86  6:16  Marauder  
  90  6:19  Widow Mine  
  90  6:24  Widow Mine  
  90  6:25  Supply Depot, SCV x2  
  96  6:26  SCV  
  96  6:27  Supply Depot, Marauder  
  99  6:32  Barracks Tech Lab, Barracks Reactor  
  99  6:37  SCV x2  
  99  6:38  SCV  
  99  6:39  Marauder, Refinery  
  104  6:40  Refinery  
  104  6:41  Concussive Shells  
  104  6:49  Marauder, SCV x2  
  104  6:50  Marine, SCV  
  104  6:51  Marine  
  111  6:56  Supply Depot  
  111  6:57  Widow Mine x2, Supply Depot, Marauder  
  117  7:01  SCV x2  
  117  7:02  SCV  
  117  7:06  Armory  
  121  7:08  Marine  
  121  7:09  Marauder, Ghost Academy  
  121  7:10  Marauder  
  121  7:13  SCV, Marine  
  125  7:17  SCV, Marine x2  
  125  7:19  Marauder  
  125  7:21  Supply Depot  
  125  7:22  Widow Mine x2  
  134  7:23  Supply Depot, Medivac  
  134  7:26  Medivac  
  138  7:30  Marine x2  
  138  7:31  Marine  
  140  7:38  Command Center  
  140  7:41  Enhanced Shockwaves  
  140  7:43  Missile Turret, Marine x2  
  141  7:47  Marine x2  
  141  7:48  Marine x2  
  145  7:53  Supply Depot, Terran Infantry Weapons Level 2  
  145  7:54  Supply Depot  
  145  7:57  Terran Infantry Armor Level 2  
  145  7:59  Marine  
  146  8:06  Ghost x2  
  146  8:07  Ghost  
  152  8:19  Barracks, Marine  
  152  8:20  Marine  
  152  8:21  Medivac, Barracks, Marine x2  
  152  8:23  Medivac  
  152  8:24  SCV  
  152  8:25  Barracks, SCV x2  
  162  8:29  Terran Ship Weapons Level 1  
  160  8:35  Marine x2  
  160  8:36  Marine  
  160  8:37  Missile Turret, Marine  
  160  8:38  Marine  
  165  8:48  Marine x2  
  165  8:51  Viking  
  165  8:52  SCV x3  
  165  8:53  Viking  
  174  8:55  Starport  
  171  9:04  SCV  
  171  9:05  SCV x2  
  171  9:07  Ghost x2  
  171  9:09  Barracks Tech Lab, Barracks Reactor  
  178  9:10  Refinery  
  178  9:11  Barracks Tech Lab  
  178  9:14  Refinery  
  178  9:16  SCV  
  179  9:19  Planetary Fortress  
  179  9:20  Missile Turret  
  179  9:21  Viking  
  179  9:23  Viking  
  183  9:27  Marine  
  183  9:28  Marine  
  183  9:30  Missile Turret  
  185  9:31  Marine x2  
  185  9:32  Marine  
  185  9:37  Marauder  
  185  9:38  Marauder x2  
  188  9:40  Supply Depot x2  
  180  9:54  Marauder, Marine x2  
  180  9:58  Marauder, Marine  
  187  10:01  Ghost x2  
  187  10:02  Marine x3  
  187  10:05  Command Center, Marine  
  193  10:07  Command Center  
  193  10:10  Medivac x2  
  193  10:12  Marine x2  
  192  10:25  Ghost x2  
  192  10:26  Medivac  
  192  10:27  Medivac  
  198  10:29  Marine x2  
  198  10:35  Marine x2  
  197  10:40  Medivac  
  199  10:44  Terran Infantry Weapons Level 3  
  199  10:46  Terran Infantry Armor Level 3  
  195  11:02  Marauder  
  195  11:03  Marine x2  
  185  11:06  Marauder  
  185  11:09  Marauder  
  187  11:16  Marauder  
  189  11:19  Marine  
  189  11:20  Marauder, Marine  
  189  11:21  Orbital Command  
  189  11:24  Terran Ship Weapons Level 2, Marauder  
  189  11:25  Starport  
  195  11:26  Marine x2  
  195  11:28  Fusion Core  
  195  11:31  Liberator x2  
  197  11:33  Liberator x2  
  195  11:43  Marine x2  
  195  11:46  Marine  
  195  11:47  Marauder x2, Marine x3  
  154  11:48  Marauder x3  
  166  11:58  Planetary Fortress  
  166  12:01  Marine x2  
  160  12:04  Marine  
  160  12:06  Marine  
  160  12:08  Marauder x2, Marine x2  
  162  12:09  Marauder x2  
  162  12:12  Starport Tech Lab, Command Center  
  162  12:13  Marine, SCV x4  
  162  12:14  Liberator  
  173  12:17  Refinery  
  173  12:19  Marine  
  174  12:28  Ghost, Liberator x2  
  176  12:31  Ghost  
  176  12:32  Advanced Ballistics  
  176  12:34  Marine x5  
  186  12:40  Refinery  
  186  12:43  Command Center x2  
  185  12:49  Marauder x2  
  195  12:52  Marauder, Marine  
  195  12:56  Marine x2  
  200  13:04  Marine  
  198  13:06  Marauder  
  198  13:10  Marauder, Marine x2  
  188  13:13  Marauder, Marine  
  188  13:16  Marauder  
  187  13:22  Marauder  
  182  13:30  Viking  
  182  13:31  Viking x4  
  192  13:41  Missile Turret  
  192  13:49  Terran Ship Weapons Level 3  
  192  13:51  Planetary Fortress  
  192  13:58  Orbital Command  
  192  13:59  Marine  
  192  14:00  Viking, Marine  
  192  14:01  Marine  
  197  14:04  Refinery, Missile Turret  
  197  14:09  Ghost  
  199  14:10  Refinery  
  195  14:21  Liberator x2, Viking x2  
  199  14:29  Viking  
  198  14:34  Liberator  
  198  14:38  Marauder  
  180  14:40  Marauder x2, Marine x2  
  180  14:41  Marauder, Marine x4  
  180  14:43  Marauder  
  194  14:47  Liberator  
  194  14:48  Liberator  
  195  14:58  Ghost, Marine x3  
  195  14:59  Marine  
  196  15:01  Marauder x2, Marine x2  
  196  15:02  Marine  
  196  15:04  Marine  
  193  15:16  Marine x4  
  193  15:18  Marine  
  193  15:21  Marauder  
  200  15:41  Marauder  
  194  15:56  Marauder, Marine x2  
  194  15:57  Marauder  
  192  15:58  Marauder, Marine  
  192  16:01  Ghost  
  181  16:04  Marauder  
  181  16:05  Marine x2  
  181  16:10  Marine  
  167  16:14  Marine x2  
  167  16:16  Marine  
  167  16:18  Marauder x2  
  161  16:19  Marine  
  161  16:20  Medivac x5  
  161  16:22  Marine  
  161  16:23  Marine  
  166  16:26  Marauder  
  166  16:28  Marine  
  166  16:30  Marauder  
  171  16:33  Marine  
  171  16:37  Ghost  
  171  16:38  Ghost  
  171  16:39  Marauder  
  169  16:42  Marine x2  
  169  16:43  Marine x2  
  173  16:47  Marauder  
  173  16:48  Marine  
  173  16:51  Marauder, Marine  
  173  16:52  Command Center  
  177  17:00  Marine x2  
  177  17:01  Marauder, Marine x2  
  181  17:03  Medivac x3  
  181  17:06  Marauder, Viking x2, Marine  
  181  17:08  Marauder, Ghost  
  194  17:09  Marine  
  194  17:12  Ghost  
  194  17:15  Personal Cloaking  
  192  17:22  Marauder, Marine  
  194  17:23  Marine  
  194  17:27  Marauder  
  194  17:29  Marauder  
  200  17:39  Marine x2  
  164  17:59  Ghost  
  164  18:00  Marauder, Marine x3  
  164  18:01  Marauder x2, Marine x3  
  164  18:03  Marauder  
  172  18:06  Viking x2  
  176  18:18  Marine x3  
  176  18:19  Marine x3  
  179  18:21  Marauder  
  179  18:22  Marauder  
  179  18:23  Marauder  
  179  18:24  Marine  
  184  18:27  Marine  
  168  18:36  Marine x3  
  168  18:37  Marine x2  
Show
View Real Time Build Order
Export as new Build Order

ShoWTimE Protoss - Winner!

Build Orders: 1 Gate Expand, Phoenix Opening, Blink Stalkers 

Get SALT Encoding   

  12  0:00  Probe  
  13  0:12  Probe  
  14  0:17  Pylon  
  14  0:24  Probe  
  15  0:32  Probe  
  15  0:36  Gateway  
  15  0:40  Probe  
  16  0:46  Assimilator  
  17  0:51  Probe  
  18  1:03  Probe  
  19  1:15  Probe  
  20  1:24  Cybernetics Core  
  20  1:34  Nexus  
  20  1:36  Probe  
  21  1:44  Pylon  
  21  1:48  Probe  
  21  1:52  Adept, Assimilator  
  22  2:00  Probe  
  23  2:05  Warp Gate  
  25  2:09  Probe  
  26  2:17  Probe  
  26  2:22  Sentry  
  29  2:27  Probe  
  30  2:39  Probe  
  30  2:40  Twilight Council  
  30  2:42  Probe  
  31  2:47  Blink  
  31  2:48  Stalker  
  31  2:50  Probe  
  35  2:51  Probe  
  35  2:56  Phoenix  
  36  2:58  Gateway  
  36  3:00  Probe  
  36  3:03  Probe  
  38  3:12  Probe  
  39  3:15  Probe  
  39  3:19  Pylon  
  40  3:24  Probe  
  41  3:27  Probe, Assimilator  
  41  3:33  Robotics Facility  
  42  3:36  Probe  
  42  3:39  Probe  
  44  3:48  Probe  
  44  3:51  Probe  
  44  3:53  Stalker x2  
  50  3:58  Pylon  
  50  4:00  Probe  
  51  4:10  Nexus  
  51  4:16  Probe x2  
  53  4:17  Pylon  
  53  4:20  Stalker x2  
  53  4:22  Observer  
  58  4:28  Probe  
  58  4:29  Forge, Probe  
  60  4:39  Pylon  
  60  4:40  Protoss Ground Armor Level 1, Probe  
  60  4:41  Probe  
  60  4:43  Observer  
  63  4:53  Probe x2, Stalker x2  
  69  5:05  Probe x2  
  71  5:07  Charge  
  71  5:10  Gateway  
  71  5:14  Gateway  
  71  5:17  Probe x2  
  71  5:19  Gateway  
  73  5:25  Gateway  
  73  5:28  Pylon, Probe  
  74  5:29  Probe x2  
  76  5:38  Immortal, Probe x2  
  76  5:40  Probe  
  76  5:41  Pylon  
  83  5:46  Probe  
  83  5:47  Probe  
  83  5:48  Assimilator  
  83  5:50  Assimilator  
  83  5:52  Probe  
  83  5:55  Probe  
  83  5:56  Probe  
  86  5:57  Gateway x2  
  88  6:04  Probe  
  88  6:07  Probe  
  88  6:08  Probe  
  88  6:10  Zealot x2  
  88  6:11  Zealot x2  
  99  6:13  Immortal, Pylon  
  99  6:17  Forge  
  99  6:19  Pylon  
  103  6:29  Assimilator  
  103  6:35  Protoss Ground Weapons Level 1  
  103  6:39  Protoss Ground Armor Level 2, Zealot x4  
  111  6:40  Zealot  
  111  6:45  Pylon  
  113  6:48  Templar Archives  
  113  6:49  Warp Prism  
  115  7:02  Zealot x4  
  115  7:05  Sentry  
  125  7:12  Zealot x2  
  125  7:13  Zealot  
  131  7:20  Pylon  
  131  7:21  Psionic Storm  
  130  7:24  Pylon  
  130  7:25  Pylon, High Templar  
  132  7:38  High Templar x2  
  132  7:39  High Templar  
  138  7:45  Nexus  
  138  7:47  Pylon  
  138  7:48  Observer  
  142  7:54  Nexus  
  142  7:58  Zealot x5  
  149  8:03  Pylon  
  149  8:12  Gateway  
  147  8:14  Gateway  
  147  8:16  Stalker  
  147  8:17  Stalker x2  
  153  8:20  Probe x3  
  153  8:24  Protoss Ground Weapons Level 2  
  154  8:27  Stalker x4  
  154  8:29  Photon Cannon  
  154  8:31  Photon Cannon  
  162  8:42  Pylon, Probe x2  
  162  8:43  Probe, Robotics Bay  
  162  8:44  Robotics Facility  
  162  8:46  High Templar  
  162  8:47  Protoss Ground Armor Level 3  
  165  8:49  Pylon  
  165  8:53  High Templar  
  165  8:54  Probe  
  165  8:55  Probe  
  169  9:00  High Templar  
  169  9:06  Probe x2  
  169  9:07  Probe  
  169  9:09  Assimilator  
  172  9:10  Archon  
  172  9:12  Assimilator  
  172  9:15  Shield Battery  
  172  9:21  Photon Cannon  
  172  9:23  High Templar  
  174  9:24  Zealot x6  
  174  9:25  Zealot  
  188  9:35  Stargate  
  194  9:52  Nexus  
  188  9:53  Pylon  
  188  9:56  Disruptor x2  
  187  10:06  High Templar  
  187  10:07  Zealot x3, High Templar  
  181  10:27  Zealot x8  
  191  10:35  Disruptor x2  
  179  10:36  Archon  
  185  10:46  Oracle  
  178  10:58  Protoss Ground Weapons Level 3  
  178  11:02  Disruptor  
  161  11:10  High Templar x2  
  161  11:11  Zealot x8  
  187  11:31  Fleet Beacon, Stargate  
  187  11:35  Zealot x6  
  184  11:49  Stalker x3  
  184  11:53  Robotics Bay  
  174  12:01  Protoss Shields Level 1, Oracle  
  168  12:07  Stalker x5  
  168  12:08  Stalker  
  164  12:18  Dark Shrine  
  164  12:19  Tempest  
  169  12:24  Observer  
  169  12:27  High Templar  
  169  12:29  Robotics Facility  
  171  12:31  Robotics Facility  
  171  12:34  Disruptor  
  168  12:37  Pylon, Tempest  
  168  12:39  Zealot x2  
  168  12:40  Zealot x6  
  183  13:07  Zealot x9  
  196  13:22  Disruptor, Shadow Stride  
  196  13:23  Disruptor  
  196  13:24  Pylon  
  195  13:31  Assimilator  
  195  13:32  Assimilator  
  195  13:33  Dark Templar  
  195  13:34  Dark Templar  
  199  13:47  Templar Archives  
  199  13:49  Gateway  
  199  13:52  Gateway  
  199  13:53  Zealot  
  199  13:55  Protoss Shields Level 2  
  199  14:06  Photon Cannon  
  199  14:08  Photon Cannon, Stargate  
  199  14:10  Shield Battery, Stargate  
  199  14:12  Pylon  
  199  14:23  Pylon  
  197  14:37  Protoss Air Weapons Level 1  
  189  14:40  Tempest  
  192  14:48  Stalker  
  192  14:49  Stalker x3  
  194  15:03  Tempest x2  
  187  15:08  Archon, Nexus  
  187  15:13  Tempest  
  177  15:17  Pylon  
  177  15:22  Disruptor x2  
  177  15:25  Pylon, Disruptor  
  191  15:31  Dark Templar x4  
  199  15:47  Zealot  
  199  15:54  Zealot  
  199  16:00  Archon  
  199  16:01  Dark Templar x4  
  184  16:09  Stalker x5  
  180  16:15  Stalker  
  170  16:24  High Templar x2, Tempest x2  
  171  16:36  Nexus  
  158  16:47  Zealot x4, Stalker x6  
  158  16:50  Pylon  
  158  16:52  Phoenix  
  158  16:53  Pylon  
  180  17:01  Probe x2  
  179  17:04  Tempest  
  179  17:08  Zealot x3  
  180  17:16  Tempest  
  180  17:21  Dark Templar x3  
  191  17:31  Zealot  
  191  17:36  Oracle  
  196  17:43  Photon Cannon  
  196  17:49  Observer  
  194  18:02  Zealot x3  
  200  18:09  Dark Templar  
  200  18:17  Assimilator  
  200  18:21  Assimilator  
  192  18:28  Archon  
  192  18:29  Archon  
  192  18:30  Zealot  
  192  18:31  Zealot x4  
  186  18:34  Stalker x5  
  186  18:37  Dark Templar  
  179  18:42  Dark Templar  
Tags
 
Add a new tag
Caveats
  • Supply blocks, unpowered buildings, or Contaminate may cause inaccurate times.
  • Supply counts are checked every 10 seconds.